 Dungeon Crawl Stone Soup version 0.25-a0-598-gc9c9e4c (webtiles) character file.

Game seed: 1870242686641257696, levelgen mode: deterministic

306 15 the Slasher (level 6, -7/46 HPs)
             Began as a Demonspawn Gladiator on Mar 15, 2020.
             Mangled by dio423's ghost (13 damage)
             ... on level 3 of the Dungeon.
             The game lasted 00:06:58 (2176 turns).

15 the Slasher (Demonspawn Gladiator)               Turns: 2176, Time: 00:06:59

Health: -7/46      AC: 10    Str: 15    XL:     6   Next: 16%
Magic:  8/8        EV: 10    Int: 11    God:
Gold:   143        SH:  9    Dex: 14    Spells: 7/7 levels left

rFire    + + .     SeeInvis .   a - +0 long sword
rCold    + + .     Gourm    .   n - +2 kite shield
rNeg     . . .     Faith    .   b - +0 leather armour
rPois    +         Spirit   .   c - +0 helmet
rElec    +         Reflect  .   (no cloak)
rCorr    +         Harm     .   t - +1 pair of gloves
MR       .....                  (no boots)
Stlth    +.........             (no amulet)
HPRegen  0.15/turn              k - ring of protection from fire
MPRegen  0.11/turn              m - +4 ring of protection

@: resistant
A: claws 2, cold resistance 1, freezing cloud immunity
a: no special abilities


You were on level 3 of the Dungeon.
You were hungry.

You visited 1 branch of the dungeon, and saw 3 of its levels.

You collected 143 gold pieces.

Inventory:

Hand Weapons
 a - a +0 long sword (weapon)
Missiles
 e - 153 stones
 i - 2 throwing nets (quivered)
Armour
 b - a +0 leather armour (worn)
 c - a +0 helmet (worn)
 j - a +2 buckler
 n - a +2 kite shield (worn)
 s - a +0 plate armour
 t - a +1 pair of gloves (worn)
Jewellery
 k - a ring of protection from fire (left hand)
 m - a +4 ring of protection (right hand)
Scrolls
 d - 3 scrolls of fog {unknown}
 g - a scroll of amnesia {unknown}
 o - 2 scrolls of remove curse
 p - a scroll of fear {unknown}
 q - 3 scrolls of teleportation
Potions
 r - 2 potions of brilliance
Comestibles
 f - 4 rations
 l - 2 chunks of flesh


   Skills:
 * Level 2.5 Fighting
 * Level 4.4 Long Blades
 * Level 2.5 Throwing
 * Level 1.7 Armour
 * Level 3.3 Dodging
 + Level 0.5 Stealth
 * Level 1.1 Shields
 * Level 1.3 Spellcasting


You had 7 spell levels left.
You didn't know any spells.
Your spell library was empty.

Dungeon Overview and Level Annotations

Branches:
Dungeon (3/15)

Altars:

Annotations:
D:3 dio423's ghost, amateur DsAK


Innate Abilities, Weirdness & Mutations

You have very sharp fingernails.
Your flesh is cold resistant. (rC+)
You are immune to freezing clouds.


Message History

Dio423's ghost is lightly damaged.
Dio423's ghost misses you. Dio423's ghost hits you.
* * * LOW HITPOINT WARNING * * *
You barely miss dio423's ghost.
Dio423's ghost is lightly damaged.
You are feeling hungry.
You block dio423's ghost's attack.
You hit dio423's ghost.
Dio423's ghost is lightly damaged.
Dio423's ghost hits you.
* * * LOW HITPOINT WARNING * * *
You closely miss dio423's ghost.
Dio423's ghost is lightly damaged.
Dio423's ghost closely misses you.
You closely miss dio423's ghost.
Dio423's ghost is lightly damaged.
Dio423's ghost hits you.
* * * LOW HITPOINT WARNING * * *
Dio423's ghost hits you!
You die...

#.........#
###.#######
#)# #.# ####
######.# ...
.....#.##.#
#.........#
#.##.....##
#.)..@#
#.#<#W####
#........#
...###'''###
####(....(.#
#..(....#
#....(..#
#♣(.....#
...(.(.#


You could see dio423's ghost.

Vanquished Creatures
  Sigmund (D:2)
  An orc priest (D:3)
  Robin (D:2)
  5 adders
  3 dart slugs (D:1)
  2 orcs (D:3)
  2 ball pythons (D:1)
  2 giant cockroaches (D:1)
  15 goblins
  6 hobgoblins
  6 kobolds
  3 bats
  10 frilled lizards
  6 rats
63 creatures vanquished.

Notes
Turn   | Place    | Note
-------+----------+-------------------------------------------
     0 | D:1      | 15 the Demonspawn Gladiator began the quest for the Orb.
     0 | D:1      | Reached XP level 1. HP: 16/16 MP: 1/1
   103 | D:1      | Gained mutation: You have sharp fingernails. [demonic
                  | ancestry]
   103 | D:1      | Reached XP level 2. HP: 4/22 MP: 2/2
   438 | D:1      | Reached skill level 3 in Long Blades
   768 | D:1      | Reached XP level 3. HP: 27/27 MP: 3/3
  1100 | D:2      | Noticed Sigmund
  1117 | D:2      | Killed Sigmund
  1117 | D:2      | Reached skill level 4 in Long Blades
  1117 | D:2      | Reached skill level 1 in Armour
  1117 | D:2      | Reached skill level 1 in Spellcasting
  1117 | D:2      | Gained mutation: Your flesh is cold resistant. (rC+)
                  | [demonic ancestry]
  1117 | D:2      | Reached XP level 4. HP: 33/34 MP: 3/5
  1117 | D:2      | Gained mutation: You are immune to freezing clouds.
                  | [demonic ancestry]
  1117 | D:2      | Reached XP level 5. HP: 38/39 MP: 3/6
  1192 | D:2      | Noticed Robin
  1237 | D:2      | Killed Robin
  1237 | D:2      | Reached skill level 1 in Shields
  2067 | D:3      | Gained mutation: You have very sharp fingernails. [demonic
                  | ancestry]
  2067 | D:3      | Reached XP level 6. HP: 38/46 MP: 6/8
  2151 | D:3      | Found a runed translucent gate.
  2151 | D:3      | Found a runed translucent gate.
  2151 | D:3      | Found a runed translucent gate.
  2154 | D:3      | Noticed dio423's ghost (amateur DsAK)
  2176 | D:3      | Mangled by dio423's ghost

Levels and vault maps discovered:
D:1:      onia_arrival_handbag, layout_basic, minmay_lizard_pond
D:2:      layout_basic, moated_statue, uniq_sigmund, uniq_robin
D:3:      layout_loops_corners, ebering_ghost_rock_garden,
          chequers_ecumenical_altar_twisty

Skill      XL: |  1  2  3  4  5 |
---------------+----------------+-----
Long Blades    | 3 4 |  4.4
Dodging        | 3 |  3.3
Throwing       | 2 |  2.5
Armour         | 1 |  1.7
Spellcasting   | 1 |  1.3
Shields        | 1 |  1.1
Fighting       | |  2.5
Stealth        | |  0.5

Action                   |  1- 3 |  4- 6 || total
-------------------------+-------+-------++-------
Melee: Long sword        |    87 |   138 ||   225
Throw: Throwing net      |     3 |       ||     3
  Use: Scroll            |     4 |     2 ||     6
       Potion            |     1 |     1 ||     2
 Stab: Sleeping          |       |     1 ||     1
  Eat: Chunk             |     1 |     3 ||     4
Armor: Leather armour    |    27 |    48 ||    75
Dodge: Dodged            |    42 |    65 ||   107
Block: Kite shield       |    13 |    78 ||    91
       Rpst.: Long sword |     8 |    19 ||    27

Table legend:
 A = Non-vault XP
 B = Vault XP
 C = Vault XP percentage of total XP
 D = Non-vault monster count
 E = Vault monster count
 F = Vault count percentage of total count
                 A         B        C        D         E       F
            +---------+---------+-------+---------+---------+-------
      Total |     174 |     264 |  60.3 |      42 |      21 |  33.3
            +---------+---------+-------+---------+---------+-------
        D:1 |      43 |      10 |  18.9 |      22 |       9 |  29.0
        D:2 |      66 |     254 |  79.4 |      15 |      12 |  44.4
        D:3 |      65 |       0 |   0.0 |       5 |       0 |   0.0
            +---------+---------+-------+---------+---------+-------
